 Dungeon Crawl Stone Soup version 0.29.1-15-g9cfb28693d (webtiles) character file.

Game seed: 2360354930149203276

786 Peloso the Slasher (level 7, -1/61 HPs)
             Began as a Minotaur Fighter on Apr 22, 2023.
             Slain by a wyvern zombie (8 damage)
             ... on level 6 of the Dungeon.
             The game lasted 00:07:08 (4020 turns).

Peloso the Slasher (Minotaur Fighter)               Turns: 4020, Time: 00:07:08

Health: -1/61      AC: 10    Str: 21    XL:     7   Next: 56%
Magic:  6/6        EV:  8    Int:  5    God:
Gold:   210        SH:  5    Dex: 11    Spells: 6/6 levels left

rFire   . . .      SeeInvis .   a - +0 long sword
rCold   . . .      Faith    .   c - +0 buckler
rNeg    . . .      Spirit   .   B - +0 chain mail
rPois   +          Reflect  .   (helmet restricted)
rElec   .          Harm     .   (no cloak)
rCorr   .          Rampage  .   (no gloves)
Will    .....                   (no boots)
Stlth   ..........              (no amulet)
HPRegen 0.20/turn               y - ring of poison resistance
MPRegen 0.10/turn               (no ring)

@: no status effects
A: horns 2, retaliatory headbutt
a: no special abilities


You were on level 6 of the Dungeon.
You visited 1 branch of the dungeon, and saw 6 of its levels.

You collected 210 gold pieces.

Inventory:

Hand Weapons
 a - a +0 long sword (weapon)
Armour
 b - a +0 scale mail
 c - a +0 buckler (worn)
 d - a +0 buckler
 B - a +0 chain mail (worn)
Jewellery
 y - a ring of poison resistance (left hand)
 C - a +4 ring of evasion
Scrolls
 f - a scroll of fear {unknown}
 g - 2 scrolls of enchant armour {unknown}
 h - 11 scrolls of identify {unknown}
 i - 2 scrolls of butterflies {unknown}
 k - 4 scrolls of magic mapping {unknown}
 p - a scroll of vulnerability {unknown}
 q - a scroll of summoning {unknown}
 s - 2 scrolls of teleportation {unknown}
 t - a scroll of amnesia {unknown}
 u - a scroll of brand weapon {unknown}
 w - a scroll of acquirement {unknown}
 z - a scroll of enchant weapon {unknown}
 A - a scroll of poison {unknown}
Potions
 e - a potion of might
 j - a potion of berserk rage {unknown}
 l - a potion of brilliance {unknown}
 m - a potion of ambrosia
 n - a potion of heal wounds {unknown}
 o - 2 potions of magic {unknown}
 r - a potion of haste {unknown}
 v - a potion of cancellation {unknown}
 x - a potion of degeneration {unknown}


   Skills:
 + Level 5.2 Fighting
 + Level 6.8 Long Blades
 + Level 6.0 Armour
 + Level 1.9 Dodging
 + Level 0.6 Stealth
 + Level 5.3 Shields


You had 6 spell levels left.
You didn't know any spells.
Your spell library contained the following spells:

 Spells                   Type           Power      Damage    Failure   Level
 Blink                    Tloc           0%         N/A       100%        2
 Cause Fear               Hex            0%         N/A       100%        4
 Passage of Golubria      Tloc           0%         N/A       100%        4
 Silence                  Hex/Air        0%         N/A       100%        5
 Dragon Form              Tmut           0%         N/A       100%        7
 Lehudib's Crystal Spear  Conj/Erth      0%         10d2      100%        8
 Dragon's Call            Summ           0%         N/A       100%        9


Dungeon Overview and Level Annotations

Branches:
Dungeon (6/15)
 Temple: D:4-7

Altars:
Qazlal
Yredelemnul
Zin


Innate Abilities, Weirdness & Mutations

You have a pair of horns on your head.
You reflexively headbutt those who attack you in melee.


Message History

The wyvern zombie is severely damaged.
Your attacks no longer feel as feeble.
The wyvern zombie barely misses you.
You barely miss the gnoll bouda.
You hit the gnoll bouda but do no damage.
The gnoll bouda hits you with a +0 whip. x2
You hit the gnoll bouda.
The gnoll bouda is moderately wounded.
You block the gnoll bouda's attack.
You hit the gnoll bouda.
The gnoll bouda is moderately wounded.
The gnoll bouda barely misses you. You furiously retaliate!
You headbutt the gnoll bouda!
You kill the gnoll bouda!
The gnoll hits you with a +0 club.
Things that are here:
a +0 whip; a +0 leather armour; a gnoll corpse You slash the gnoll!
Your headbutt misses the gnoll.
The gnoll is severely wounded.
The gnoll hits you with a +0 club.
You slash the gnoll!
You kill the gnoll!
A gnoll comes into view. It is wielding a +0 whip.
You hit the wyvern zombie.
The wyvern zombie is severely damaged.
The wyvern zombie bites you!
* * * LOW HITPOINT WARNING * * *
You hit the wyvern zombie. You headbutt the wyvern zombie.
The wyvern zombie is severely damaged.
The wyvern zombie bites you but does no damage.
The wyvern zombie barely misses you. You furiously retaliate!
You headbutt the wyvern zombie. You barely miss the wyvern zombie.
The wyvern zombie is almost destroyed.
The wyvern zombie bites you.
* * * LOW HITPOINT WARNING * * *
You slash the wyvern zombie!
The wyvern zombie is almost destroyed.
The wyvern zombie bites you!
You die...

...Z #..... ###....
.. ## #..... ##Z#..
#:#.# #.....##...#
... #.........# #..
#########..## ..##
#....@Zg..## ....
#.######..# ..# # #.
..#.## #.# #.##.#.#
###.####### #..#.#.#
..........## #..#.#.#
####.####.##.##.#.#.#
........#.##...)....#
....).#.#.#####.##..#


You could see a gnoll (swift) and a wyvern zombie.

Vanquished Creatures
  2 phantoms (D:6)
  A scorpion (D:5)
  A wyvern zombie (D:6)
  A wyvern skeleton (D:6)
  2 bullfrog zombies (D:6)
  A centaur zombie (D:6)
  A gnoll bouda (D:6)
  Jessica (D:2)
  Natasha (D:2)
  2 iguanas
  A killer bee zombie (D:6)
  A howler monkey zombie (D:6)
  4 gnolls
  5 adders
  A white imp (D:6)
  An ufetubus (D:6)
  2 worms
  5 dart slugs
  7 orcs
  6 ball pythons
  6 endoplasms
  5 giant cockroaches
  13 hobgoblins
  6 jackals (D:3)
  3 quokkas
  9 bats
  5 frilled lizards
  6 goblins
  7 kobolds
  6 rats
112 creatures vanquished.

Vanquished Creatures (others)
  2 toadstools (D:5)
2 creatures vanquished.

Grand Total: 114 creatures vanquished

Notes
Turn   | Place    | Note
-------+----------+-------------------------------------------
     0 | D:1      | Peloso the Minotaur Fighter began the quest for the Orb.
     0 | D:1      | Reached XP level 1. HP: 19/19 MP: 0/0
   131 | D:1      | Reached XP level 2. HP: 19/27 MP: 1/1
   495 | D:1      | Found a faded altar of an unknown god.
   585 | D:1      | Reached XP level 3. HP: 33/33 MP: 2/2
  1183 | D:2      | Noticed Natasha
  1189 | D:2      | Killed Natasha
  1190 | D:2      | Reached XP level 4. HP: 35/41 MP: 3/3
  1299 | D:2      | Noticed Jessica
  1319 | D:2      | Killed Jessica
  1399 | D:2      | Got Jessica's Compendium of the Jaunt
  1732 | D:2      | Found a glowing silver altar of Zin.
  1846 | D:2      | Reached XP level 5. HP: 38/47 MP: 4/4
  2156 | D:3      | Reached skill level 1 in Dodging
  2263 | D:3      | Found a stormy altar of Qazlal.
  2837 | D:4      | Noticed an ogre
  2972 | D:5      | Entered Level 5 of the Dungeon
  3016 | D:5      | Reached skill level 5 in Long Blades
  3125 | D:5      | Reached XP level 6. HP: 38/55 MP: 5/5
  3467 | D:6      | Reached skill level 5 in Armour
  3474 | D:6      | Reached skill level 5 in Fighting
  3479 | D:6      | HP: 2/56 [killer bee zombie (4)]
  3492 | D:6      | Reached XP level 7. HP: 23/61 MP: 6/6
  3721 | D:6      | Reached skill level 5 in Shields
  3800 | D:6      | Found a basalt altar of Yredelemnul.
  4020 | D:6      | Slain by a wyvern zombie

Illustrated notes

Levels and vault maps discovered:
D:1:      dpeg_arrival_tiny_g, layout_rooms, serial_aquarium,
          aquarium_bridge_long_separate [aquarium_subvault_bridge,
          aquarium_subvault_window, aquarium_subvault_bridge,
          aquarium_subvault_balcony, aquarium_subvault_bridge,
          aquarium_subvault_window], aquarium_bridge_island_small
          [aquarium_subvault_small_open, aquarium_subvault_balcony,
          aquarium_subvault_bridge, aquarium_subvault_balcony,
          aquarium_subvault_bridge], aquarium_window_1, aquarium_window_corner,
          aquarium_view_2d, aquarium_balcony_1b,
          hellmonk_ecumenical_altar_slurped_away, minmay_tall_x
D:2:      layout_loops_ring, basic_altar, kennysheep_jessica_study, uniq_natasha
D:3:      cheibrodos_helix_gallery, layout_rooms, grunt_qazlal_clouds
D:4:      minmay_recursive_quarters, layout_rooms, minmay_temple_entry_statues,
          corexii_checkpoint_b, lightli_corner_chamber
D:5:      layout_layer_cave, serial_shops, shop, minmay_misc_feat_diagonals,
          minmay_shop_damaged, kennysheep_doodads, minmay_gold_behind_fungi,
          nicolae_elemental_shop
D:6:      minmay_opposing_rooms, layout_basic, kennysheep_mini, serial_undead,
          serial_undead_a, serial_undead_e, serial_undead_a, serial_undead_f,
          serial_undead_e, serial_undead_a, serial_undead_c

Skill      XL: |  1  2  3  4  5  6  7 |
---------------+----------------------+-----
Fighting       | 4 5 |  5.2
Long Blades    | 3 4 5 6 |  6.8
Shields        | 4 5 |  5.3
Armour         | 4 5 6 |  6.0
Dodging        | 1 |  1.9
Stealth        | |  0.6

Action                   |  1- 3 |  4- 6 |  7- 9 || total
-------------------------+-------+-------+-------++-------
Melee: Long sword        |    88 |   188 |    69 ||   345
       Headbutt          |    10 |    41 |    16 ||    67
  Use: Potion            |       |     2 |       ||     2
Armor: Scale mail        |    58 |    59 |       ||   117
       Chain mail        |       |    43 |    33 ||    76
Dodge: Dodged            |    58 |    76 |    25 ||   159
Block: Buckler           |    24 |    56 |    17 ||    97
